 Dungeon Crawl Stone Soup version 0.31-a0-1172-g9944ec47dd (webtiles) character file.

Game seed: 5605932767060108502

2590 qw the Skirmisher (level 9, -1/57 HPs)
             Began as a Gargoyle Hunter on Sept 24, 2023.
             Was a Priest of Okawaru.
             Slain by a lemure (6 damage)
             ... led by Pikel
             ... on level 7 of the Dungeon on Dec 10, 2023.
             The game lasted 00:04:01 (6415 turns).

qw the Skirmisher (Gargoyle Hunter)                 Turns: 6415, Time: 00:04:01

Health: -1/57      AC: 22    Str: 13    XL:     9   Next: 58%
Magic:  12/12      EV: 11    Int:  9    God:    Okawaru [***...]
Gold:   373        SH:  0    Dex: 17    Spells: 8/8 levels left

rFire   . . .        d - +0 orcbow
rCold   + . .        (shield currently unavailable)
rNeg    + . .        g - +4 ring mail of Yrph {rElec rCorr Str-3}
rPois   inf          (no helmet)
rElec   +            h - +2 cloak
rCorr   +            j - +2 pair of gloves
SInv    +            (no boots)
Will    .....        m - amulet of faith
Stlth   +            k - ring of protection from cold
HPRegen 0.29/turn    c - ring of see invisible
MPRegen 0.13/turn

%: faith
@: no status effects
A: sickness immunity, AC +6, negative energy resistance 1, electricity
resistance, torment resistance 1, petrification resistance, subdued magic 1
a: Renounce Religion, Heroism


You were on level 7 of the Dungeon.
You worshipped Okawaru.
Okawaru was most pleased with you.
You visited 2 branches of the dungeon, and saw 11 of its levels.

You collected 425 gold pieces.
You spent 52 gold pieces at shops.


Innate Abilities, Weirdness & Mutations

You are immune to sickness and miasma.
Your stone body is resilient. (AC +6)
You are immune to poison.
You resist negative energy. (rN+)
You are resistant to electric shocks. (rElec)
You are resistant to unholy torment.
You are immune to petrification.
Your spells are a little easier to cast, but a little less powerful.


   Skills:
 - Level 7.0 Fighting
 + Level 10.0 Ranged Weapons
 - Level 4.9 Armour
 - Level 2.2 Dodging
 - Level 1.1 Stealth
 - Level 4.1 Invocations


You had 8 spell levels left.
You didn't know any spells.
Your spell library was empty.

Inventory:

Hand Weapons
 d - a +0 orcbow (weapon)
Armour
 g - the +4 ring mail of Yrph (worn) {rElec rCorr Str-3}
   (You found it on level 2 of the Dungeon)

   Str-3:     It affects your strength (-3).
   rElec:     It insulates you from electricity.
   rCorr:     It protects you from acid and corrosion.
 h - a +2 cloak (worn)
 j - a +2 pair of gloves (worn)
Jewellery
 c - a ring of see invisible (right hand)
 e - a ring of see invisible
 i - a ring of willpower
 k - a ring of protection from cold (left hand)
 m - an amulet of faith (around neck)
 s - a ring of willpower
Wands
 n - a wand of roots (7)
 q - a wand of mindburst (19)
Scrolls
 b - 2 scrolls of identify
 o - 2 scrolls of teleportation
 t - a scroll of enchant armour
Potions
 f - 4 potions of haste
 l - a potion of might
 p - 2 potions of curing
 r - 2 potions of mutation

Dungeon Overview and Level Annotations

Branches:
Dungeon (10/15)            Temple (1/1) D:4
   Lair: D:8-11         Orc: D:9-12

Altars:
Ashenzari
Cheibriados
Dithmenos
Elyvilon
Fedhas
Gozag
Hepliaklqana
Makhleb
Okawaru
Qazlal
Ru
Sif Muna
Uskayaw
Wu Jian
Xom
Yredelemnul
Zin
Ignis

Shops:
D:7 (

Annotations:
D:6 5 runed translucent doors
D:7 Pikel


Message History

You shoot an arrow. The arrow completely misses Pikel.
The lemure hits you but does no damage.
Pikel hits you with a +1 whip of freezing.
Pikel freezes you. The lemure hits you but does no damage.
You shoot an arrow.
The arrow hits Pikel but does no damage.
Pikel is lightly wounded.
The lemure hits you but does no damage. Pikel hits you but does no damage.
The lemure hits you but does no damage.
You shoot an arrow. The arrow barely misses Pikel.
The lemure hits you!
Pikel cracks his whip.
Pikel hits you but does no damage. The lemure hits you but does no damage.
You shoot an arrow. The arrow closely misses Pikel.
The lemure hits you but does no damage. Pikel barely misses you.
The lemure hits you but does no damage.
You shoot an arrow. The arrow hits Pikel.
Pikel is moderately wounded.
The lemure barely misses you. Pikel hits you but does no damage.
The lemure hits you but does no damage.
You shoot an arrow. The arrow barely misses Pikel.
The lemure hits you but does no damage.
Pikel hits you with a +1 whip of freezing.
The lemure hits you but does no damage. x2; Pikel barely misses you.
The lemure hits you but does no damage.
You shoot an arrow. The arrow hits Pikel.
Pikel is moderately wounded.
The lemure hits you. Pikel closely misses you. The lemure misses you.
You shoot an arrow. The arrow completely misses Pikel.
The lemure misses you. Pikel hits you but does no damage.
The lemure barely misses you.
You shoot an arrow. The arrow hits Pikel.
Pikel is moderately wounded.
The lemure misses you. Pikel closely misses you.
The lemure hits you but does no damage.
You shoot an arrow. The arrow closely misses Pikel.
The lemure hits you but does no damage.
Pikel hits you with a +1 whip of freezing!
Pikel freezes you. The lemure hits you.
You die...

#.####.#.........#.##.........
#......#..#......#.##.##.##..#
########..#.##..##.......##..#
#..#..#..#####.#####..#
#........# #.# #..# ##.##.##.#
###.### #..# #.......# #.....#
#... ####5#### #.....# ####
#5@# #.....# ##K# #.....# #.#
#.....# #.# ####### #(#
###.#### #).....# #######
#.#.##.#### #......
#.#.......# #.##.#.


You could see Pikel and 2 lemures.

Vanquished Creatures
  Sigmund (D:2)
  A shadow (D:7)
  2 steam dragons (D:7)
  2 black bears
  A sky beast (D:6)
  An ice beast (D:7)
  An ogre (D:7)
  2 lemures (D:7)
  3 bullfrogs (D:7)
  2 scorpions
  8 wights
  3 killer bees (D:7)
  A howler monkey (D:7)
  A crimson imp (D:3)
  2 hounds
  2 gnoll boudas
  Natasha (thrice) (D:3)
  2 iguanas
  Terence (D:2)
  4 orc wizards
  11 gnolls
  6 adders
  2 ufetubi (D:6)
  A worm (D:4)
  3 dart slugs
  20 orcs
  5 bats
  8 endoplasms
  3 giant cockroaches
  4 goblins
  A hobgoblin (D:4)
  2 jackals (D:3)
  6 quokkas
  6 ball pythons
  4 frilled lizards
  6 kobolds
  3 rats
134 creatures vanquished.

Notes
Turn   | Place    | Note
-------+----------+-------------------------------------------
     0 | D:1      | qw the Gargoyle Hunter began the quest for the Orb.
     0 | D:1      | Reached XP level 1. HP: 12/12 MP: 1/1
     0 | D:1      | Upgraded the game from 0.31-a0-830-g2a533130d9 to
                  | 0.31-a0-1172-g9944ec47dd
     0 | D:1      | 0 ||| qw: Version: 0.3-a-106-gc739b70
     0 | D:1      | 0 ||| qw: Game counter: 1934
     0 | D:1      | 0 ||| qw: Melee chars always use a shield: true
     0 | D:1      | 0 ||| qw: God list: Okawaru
     0 | D:1      | 0 ||| qw: Allow faded altars: false
     0 | D:1      | 0 ||| qw: Do Orc after clearing Dungeon:15 true
     0 | D:1      | 0 ||| qw: Do second Lair branch before Depths: true
     0 | D:1      | 0 ||| qw: Lair rune preference: random
     0 | D:1      | 0 ||| qw: Goals: Normal
     0 | D:1      | 0 ||| PLANNING D:1-11
    84 | D:1      | Found a faded altar of an unknown god.
   116 | D:1      | Reached XP level 2. HP: 17/17 MP: 2/2
   349 | D:1      | 349 ||| UPGRADING to +0 ring mail.
   359 | D:1      | 359 ||| DROPPING +0 leather armour.
   360 | D:1      | 360 ||| READING scroll labelled MUUQERHE MUSU.
   360 | D:1      | 360 ||| IDENTIFYING 2 ruby potions
   361 | D:1      | 361 ||| READING scroll labelled YNWUOTHUNOM.
   362 | D:1      | 362 ||| READING scroll labelled XUUHYU FOKAET.
   363 | D:1      | 363 ||| DROPPING scroll of butterflies.
   405 | D:2      | Noticed Sigmund
   409 | D:2      | 409 ||| DRINKING 2 white potions.
   424 | D:2      | Killed Sigmund
   425 | D:2      | Reached XP level 3. HP: 8/21 MP: 3/3
   425 | D:2      | Reached XP level 4. HP: 10/26 MP: 4/4
   425 | D:2      | Reached XP level 5. HP: 12/30 MP: 5/5
   533 | D:2      | Identified the +4 ring mail of Yrph {rElec rCorr Str-3}
   850 | D:2      | Noticed Terence
   869 | D:2      | HP: 5/30 [Terence/+0 mace of protection (3)]
   870 | D:2      | 870 ||| DRINKING 2 potions of heal wounds.
   875 | D:2      | Killed Terence
   876 | D:2      | Reached skill level 5 in Ranged Weapons
   953 | D:2      | Reached XP level 6. HP: 35/35 MP: 6/6
   965 | D:2      | 965 ||| UPGRADING to +4 ring mail of Yrph {rElec rCorr
                  | Str-3}.
   975 | D:2      | 975 ||| DROPPING +0 ring mail.
   976 | D:2      | 976 ||| UPGRADING to +0 cloak.
   981 | D:2      | 981 ||| UPGRADING to ring of protection from cold.
   982 | D:2      | 982 ||| DRINKING 3 smoky orange potions.
   983 | D:2      | 983 ||| DRINKING green potion.
   984 | D:2      | 984 ||| DRINKING metallic blue potion.
   985 | D:2      | 985 ||| DRINKING red potion.
   986 | D:2      | 986 ||| DRINKING 2 amethyst potions.
   987 | D:2      | 987 ||| DRINKING fuming dark potion.
  1033 | D:2      | 1033 ||| DROPPING potion of berserk rage.
  1034 | D:2      | 1034 ||| DROPPING 2 potions of ambrosia.
  1298 | D:3      | Noticed Natasha
  1305 | D:3      | Killed Natasha
  1306 | D:3      | Reached skill level 3 in Fighting
  1642 | D:3      | Found a broken altar of Ashenzari.
  1793 | D:3      | Noticed Natasha
  1799 | D:3      | 1799 ||| Stepping ~*~*~tactically~*~*~ (retreating).
  1800 | D:3      | 1800 ||| Stepping ~*~*~tactically~*~*~ (retreating).
  1801 | D:3      | 1801 ||| Stepping ~*~*~tactically~*~*~ (retreating).
  1802 | D:3      | 1802 ||| Stepping ~*~*~tactically~*~*~ (retreating).
  1803 | D:3      | 1803 ||| Stepping ~*~*~tactically~*~*~ (retreating).
  1804 | D:3      | 1804 ||| Stepping ~*~*~tactically~*~*~ (retreating).
  1813 | D:3      | 1813 ||| Stepping ~*~*~tactically~*~*~ (retreating).
  1814 | D:3      | 1814 ||| Stepping ~*~*~tactically~*~*~ (retreating).
  1817 | D:3      | 1817 ||| Stepping ~*~*~tactically~*~*~ (retreating).
  1818 | D:3      | 1818 ||| Stepping ~*~*~tactically~*~*~ (retreating).
  1819 | D:3      | 1819 ||| Stepping ~*~*~tactically~*~*~ (retreating).
  1820 | D:3      | 1820 ||| Stepping ~*~*~tactically~*~*~ (retreating).
  1824 | D:3      | Killed Natasha
  1916 | D:3      | Found a burning altar of Makhleb.
  1916 | D:3      | Found a shimmering altar of Xom.
  1921 | D:3      | 1921 ||| DRINKING fizzy brown potion.
  1921 | D:3      | Gained mutation: Your spells are a little easier to cast,
                  | but a little less powerful. [potion of mutation]
  1922 | D:3      | 1922 ||| DRINKING viscous inky potion.
  1954 | D:3      | 1954 ||| FLEEEEING.
  1955 | D:3      | 1955 ||| FLEEEEING.
  1958 | D:3      | 1958 ||| FLEEEEING.
  1959 | D:3      | 1959 ||| FLEEEEING.
  1966 | D:3      | 1966 ||| STAIRDANCE
  2070 | D:2      | 2070 ||| UPGRADING to amulet of faith.
  2075 | D:2      | 2075 ||| UPGRADING to ring of see invisible.
  2076 | D:2      | 2076 ||| PLANNING D:1-11
  2076 | D:2      | 2076 ||| READING scroll of identify.
  2076 | D:2      | 2076 ||| IDENTIFYING scroll labelled SECVOD FUTO
  2077 | D:2      | 2077 ||| READING scroll of enchant armour.
  2077 | D:2      | 2077 ||| ENCHANTING +0 cloak.
  2078 | D:2      | 2078 ||| READING scroll labelled KOBIRUCS BUDGHO.
  2079 | D:2      | 2079 ||| READING scroll labelled ZAFIPP VIZEUTU.
  2083 | D:2      | 2083 ||| READING scroll labelled JABON HEUNA.
  2084 | D:2      | 2084 ||| READING scroll labelled APHEPP KUGE.
  2247 | D:3      | 2247 ||| FLEEEEING.
  2248 | D:3      | 2248 ||| FLEEEEING.
  2249 | D:3      | 2249 ||| FLEEEEING.
  2250 | D:3      | 2250 ||| FLEEEEING.
  2323 | D:3      | Noticed Natasha
  2332 | D:3      | Killed Natasha
  2349 | D:3      | 2349 ||| FLEEEEING.
  2378 | D:3      | 2378 ||| FLEEEEING.
  2379 | D:3      | 2379 ||| FLEEEEING.
  2380 | D:3      | 2380 ||| FLEEEEING.
  2381 | D:3      | 2381 ||| FLEEEEING.
  2382 | D:3      | 2382 ||| FLEEEEING.
  2392 | D:3      | 2392 ||| FLEEEEING.
  2393 | D:3      | 2393 ||| FLEEEEING.
  2394 | D:3      | 2394 ||| FLEEEEING.
  2397 | D:3      | 2397 ||| FLEEEEING.
  2398 | D:3      | 2398 ||| STAIRDANCE
  2439 | D:3      | 2439 ||| STAIRDANCE
  2799 | D:4      | 2799 ||| Stepping ~*~*~tactically~*~*~ (retreating).
  2803 | D:4      | 2803 ||| Stepping ~*~*~tactically~*~*~ (retreating).
  2810 | D:4      | Reached skill level 6 in Ranged Weapons
  2810 | D:4      | Reached XP level 7. HP: 26/41 MP: 7/7
  2821 | D:4      | HP: 9/41 [orc/+0 club (3)]
  2822 | D:4      | 2822 ||| DRINKING potion of heal wounds.
  3011 | D:4      | Found a staircase to the Ecumenical Temple.
  3012 | D:4      | 3012 ||| PLANNING TEMPLE
  3012 | D:4      | 3012 ||| DROPPING +0 ring mail of poison resistance.
  3013 | D:4      | 3013 ||| READING 2 scrolls of identify.
  3013 | D:4      | 3013 ||| IDENTIFYING brown potion
  3022 | Temple   | Entered the Ecumenical Temple
  3023 | Temple   | 3023 ||| PLANNING OKAWARU WORSHIP
  3028 | Temple   | Became a worshipper of Warmaster Okawaru
  3029 | Temple   | 3029 ||| PLANNING D:1-11
  3263 | D:5      | Entered Level 5 of the Dungeon
  3520 | D:5      | HP: 10/43 [black bear (5)]
  3523 | D:5      | Reached skill level 7 in Ranged Weapons
  3781 | D:5      | Found a hide-covered altar of Uskayaw.
  3814 | D:5      | Identified the +0 leather armour of the Fig {rElec rPois
                  | Int+2}
  4013 | D:5      | 4013 ||| UPGRADING to +2 pair of gloves.
  4018 | D:5      | 4018 ||| DROPPING +0 leather armour of the Fig {rElec rPois
                  | Int+2}.
  4019 | D:5      | 4019 ||| READING 3 scrolls of identify.
  4019 | D:5      | 4019 ||| IDENTIFYING grey potion
  4020 | D:5      | 4020 ||| READING 2 scrolls of identify.
  4020 | D:5      | 4020 ||| IDENTIFYING 3 scrolls labelled ONGAOPL ORUSE
  4021 | D:5      | 4021 ||| DROPPING 3 scrolls of poison.
  4106 | D:6      | Found a shadowy altar of Dithmenos.
  4118 | D:6      | 4118 ||| Stepping ~*~*~tactically~*~*~ (retreating).
  4122 | D:6      | 4122 ||| Stepping ~*~*~tactically~*~*~ (retreating).
  4123 | D:6      | 4123 ||| Stepping ~*~*~tactically~*~*~ (retreating).
  4133 | D:6      | HP: 10/43 [gnoll bouda/+0 club (2)]
  4134 | D:6      | 4134 ||| READING 4 scrolls of teleportation.
  4348 | D:6      | Reached * piety under Okawaru
  4384 | D:6      | 4384 ||| FLEEEEING.
  4385 | D:6      | 4385 ||| FLEEEEING.
  4386 | D:6      | 4386 ||| FLEEEEING.
  4389 | D:6      | 4389 ||| FLEEEEING.
  4390 | D:6      | 4390 ||| FLEEEEING.
  4391 | D:6      | 4391 ||| FLEEEEING.
  4392 | D:6      | 4392 ||| FLEEEEING.
  4393 | D:6      | 4393 ||| FLEEEEING.
  4394 | D:6      | 4394 ||| FLEEEEING.
  4395 | D:6      | 4395 ||| FLEEEEING.
  4401 | D:6      | Reached XP level 8. HP: 45/48 MP: 8/8
  4413 | D:6      | Reached skill level 1 in Invocations
  4419 | D:6      | 4419 ||| FLEEEEING.
  4420 | D:6      | 4420 ||| FLEEEEING.
  4422 | D:6      | 4422 ||| STAIRDANCE
  4452 | D:6      | 4452 ||| STAIRDANCE
  4561 | D:6      | Found a runed translucent door.
  4562 | D:6      | Found a runed translucent gate.
  4562 | D:6      | Found a runed translucent gate.
  4568 | D:6      | Found a runed translucent gate.
  4702 | D:6      | Reached skill level 8 in Ranged Weapons
  4714 | D:6      | Identified the +8 long sword of Wyrd {freeze, +Blink rC+
                  | Will++ Dex-3}
  4803 | D:6      | Found the +9 staff of Olgreb {rPois∞}
  4819 | D:6      | 4819 ||| Stepping ~*~*~tactically~*~*~ (retreating).
  4820 | D:6      | 4820 ||| Stepping ~*~*~tactically~*~*~ (retreating).
  4821 | D:6      | 4821 ||| Stepping ~*~*~tactically~*~*~ (retreating).
  4862 | D:6      | Found a runed translucent door.
  4881 | D:6      | Reached skill level 3 in Invocations
  5054 | D:7      | Noticed a shadow
  5062 | D:7      | Killed a shadow
  5062 | D:7      | Reached ** piety under Okawaru
  5216 | D:7      | Reached skill level 9 in Ranged Weapons
  5321 | D:7      | Reached XP level 9. HP: 54/54 MP: 12/12
  5338 | D:7      | 5338 ||| Stepping ~*~*~tactically~*~*~ (cloud).
  5339 | D:7      | 5339 ||| Stepping ~*~*~tactically~*~*~ (cloud).
  5374 | D:7      | Reached skill level 6 in Fighting
  5561 | D:7      | 5561 ||| READING 2 scrolls of enchant armour.
  5561 | D:7      | 5561 ||| ENCHANTING +1 cloak.
  5602 | D:7      | You fall into a shaft and drop 3 floors!
  5602 | D:10     | Entered Level 10 of the Dungeon
  5625 | D:10     | 5625 ||| DROPPING wand of flame (10).
  5642 | D:9      | 5642 ||| Stepping ~*~*~tactically~*~*~ (retreating).
  5643 | D:9      | 5643 ||| Stepping ~*~*~tactically~*~*~ (retreating).
  5644 | D:9      | 5644 ||| Stepping ~*~*~tactically~*~*~ (retreating).
  5645 | D:9      | 5645 ||| Stepping ~*~*~tactically~*~*~ (retreating).
  5646 | D:9      | 5646 ||| Stepping ~*~*~tactically~*~*~ (retreating).
  5647 | D:9      | 5647 ||| Stepping ~*~*~tactically~*~*~ (retreating).
  5655 | D:9      | Reached *** piety under Okawaru
  5681 | D:9      | HP: 4/55 [wight/+0 great sword (11)]
  5682 | D:9      | 5682 ||| READING 3 scrolls of teleportation.
  5977 | D:7      | Found Lageg's Weapon Shop.
  5989 | D:7      | Reached skill level 10 in Ranged Weapons
  5993 | D:7      | 5993 ||| BUYING +0 orcbow (52 gold).
  5993 | D:7      | Bought a +0 orcbow for 52 gold pieces
  5993 | D:7      | 5993 ||| SWAPPING to +0 orcbow.
  5994 | D:7      | 5994 ||| DROPPING +0 shortbow.
  6084 | D:7      | 6084 ||| Stepping ~*~*~tactically~*~*~ (retreating).
  6336 | D:8      | Noticed Pikel
  6337 | D:8      | 6337 ||| STAIRDANCE
  6392 | D:8      | 6392 ||| STAIRDANCE
  6415 | D:7      | HP: 7/57 [Pikel/+1 whip of freezing (9)]
  6415 | D:7      | Slain by a lemure

Levels and vault maps discovered:
D:1:      lemuel_arrival_rhombus, layout_rooms,
          ebering_ecumenical_altar_abandoned
D:2:      layout_basic, hex_tiny, hex_intersection, kennysheep_generic_room_10,
          uniq_terence, uniq_sigmund
D:3:      layout_basic, grunt_temple_overflow_champion_of_chaos,
          cheibrodos_ashenzari_chains, kennysheep_minor_cross, uniq_natasha
D:4:      layout_rooms, minmay_temple_entry_overgrown
D:5:      layout_basic, kennysheep_little_box, serial_curves, eino_curves_01,
          eino_curves_01, eino_curves_04, eino_curves_04, minivault_11
D:6:      layout_basic, grunt_dithmenos_smoke_and_mirrors,
          minmay_guarded_unrand_staff_of_olgreb
D:7:      cheibrodos_steamvent, layout_loops_cross, serial_shops,
          nicolae_shop_crystal
D:8:      layout_loops_ring, mainiacjoe_overflow_brackets,
          mainiacjoe_overflow_24_doors, serial_shops, nicolae_shop_crystal,
          kennysheep_generic_room_15, uniq_erica, uniq_pikel
D:9:      layout_loops_corners, minmay_overflow_temple_star_quad
D:10:     layout_basic, uniq_erolcha
Temple:   pdpol_scorched_temple

Skill      XL: |  1  2  3  4  5  6  7  8  9 |
---------------+----------------------------+-----
Armour         | 4 |  4.9
Ranged Weapons | 5 6 7 9 10 | 10.0
Fighting       | 3 4 5 7 |  7.0
Invocations    | 4 |  4.1
Dodging        | 2 |  2.2
Stealth        | |  1.1

Action                     |  1- 3 |  4- 6 |  7- 9 || total
---------------------------+-------+-------+-------++-------
   Fire: Shortbow          |    36 |   257 |   460 ||   753
         Orcbow            |       |       |    79 ||    79
    Use: Scroll            |     3 |     6 |     6 ||    15
         Potion            |     1 |     9 |     1 ||    11
 Armour: Leather armour    |     2 |       |       ||     2
         Ring mail         |     5 |   166 |   444 ||   615
  Dodge: Dodged            |    16 |   108 |   295 ||   419

Table legend:
 A = Non-vault XP
 B = Vault XP
 C = Vault XP percentage of total XP
 D = Non-vault monster count
 E = Vault monster count
 F = Vault count percentage of total count
                 A         B        C        D         E       F
            +---------+---------+-------+---------+---------+-------
      Total |    3000 |     700 |  18.9 |     124 |       8 |   6.1
            +---------+---------+-------+---------+---------+-------
        D:1 |      17 |       0 |   0.0 |      10 |       0 |   0.0
        D:2 |      42 |     262 |  86.2 |      12 |       4 |  25.0
        D:3 |     137 |      83 |  37.7 |      26 |       2 |   7.1
        D:4 |     255 |       0 |   0.0 |      24 |       0 |   0.0
        D:5 |     175 |       0 |   0.0 |       4 |       0 |   0.0
        D:6 |     808 |       0 |   0.0 |      19 |       0 |   0.0
        D:7 |    1186 |     355 |  23.0 |      24 |       2 |   7.7
        D:9 |     380 |       0 |   0.0 |       5 |       0 |   0.0
            +---------+---------+-------+---------+---------+-------
